 Dungeon Crawl Stone Soup version 0.18.1-48-g4cf74bf (webtiles) character file.

4228 Inkary the Fighter (level 10, -3/92 HPs)
             Began as a Minotaur Fighter on Aug 15, 2016.
             Was an Initiate of the Shining One.
             Killed from afar by an electric eel (9 damage)
             ... with a bolt of electricity
             ... on level 9 of the Dungeon.
             The game lasted 00:12:34 (6950 turns).

Inkary the Fighter (Minotaur Fighter)               Turns: 6950, Time: 00:12:35

Health: -3/92      AC: 11    Str: 22    XL:     10   Next: 9%
Magic:  9/9        EV:  8    Int:  8    God:    the Shining One [......]
Gold:   470        SH: 12    Dex: 12    Spells: 1 memorised, 7 levels left

rFire  . . .     SeeInvis .     C - +0 flail (holy)
rCold  . . .     Gourm    .     b - +0 scale mail
rNeg   . . .     Faith    .     c - +0 shield
rPois  .         Spirit   .     (helmet restricted)
rElec  .         Dismiss  .     p - +0 cloak
rCorr  .         Reflect  .     q - +0 pair of gloves (curse)
SustAt .         Harm     .     (no boots)
MR     .....                    (no amulet)
Stlth  ..........               (no ring)
                                g - +3 ring of intelligence

@: glowing, not resistant to hostile enchantments, extremely unstealthy
A: retaliatory headbutt, horns 2
a: Renounce Religion


You were on level 9 of the Dungeon.
You worshipped the Shining One.
The Shining One was noncommittal.
You were not hungry.

You visited 2 branches of the dungeon, and saw 10 of its levels.

You collected 470 gold pieces.

Inventory:

Hand Weapons
 C - a +0 flail of holy wrath (weapon)
 F - a +1 whip of freezing
Missiles
 h - 6 silver tomahawks (quivered)
Armour
 b - a +0 scale mail (worn)
 c - a +0 shield (worn)
 p - a +0 cloak (worn)
 q - a cursed +0 pair of gloves (worn)
Jewellery
 g - a +3 ring of intelligence (left hand)
 E - an uncursed amulet of faith {unknown}
Wands
 d - a wand of heal wounds (5/9)
 s - a wand of digging (12/24)
 G - a wand of iceblast (10/15)
Scrolls
 e - 4 scrolls of fog {unknown}
 j - 7 scrolls of identify {unknown}
 m - 3 scrolls of remove curse {unknown}
 n - 5 scrolls of amnesia {unknown}
 r - 2 scrolls of teleportation {unknown}
 t - a scroll of magic mapping {unknown}
 x - 2 scrolls of recharging {unknown}
 y - a scroll of immolation {unknown}
 B - a scroll of fear {unknown}
 D - a scroll of brand weapon {unknown}
 K - a scroll of noise {unknown}
Potions
 a - 3 potions of flight {unknown}
 i - 7 potions of curing {unknown}
 k - 3 potions of invisibility
 v - a potion of brilliance {unknown}
 w - a potion of heal wounds {unknown}
 z - 2 potions of resistance {unknown}
 A - 3 potions of degeneration {unknown}
 I - a potion of haste {unknown}
 J - a potion of might
 L - 3 potions of lignification {unknown}
 M - a potion of agility {unknown}
Books
 H - a book of Spatial Translocations

   Spells                             Type                      Level
   a - Apportation                    Translocation                1
   b - Blink                          Translocation                2
   c - Shroud of Golubria             Charms/Translocation         2
   d - Portal Projectile              Translocation                3
   e - Teleport Other                 Translocation                3
   f - Passage of Golubria            Translocation                4
Comestibles
 f - 9 bread rations
 l - 5 beef jerkies
 o - 5 fruits
 u - 3 meat rations


   Skills:
 + Level 9.7 Fighting
   Level 6.5(7.6) Axes
 + Level 6.1(7.4) Maces & Flails
 + Level 9.4 Armour
 + Level 9.5 Shields


You had 7 spell levels left.
You knew the following spells:

 Your Spells              Type           Power        Failure   Level  Hunger
a - Blink                 Tloc           N/A          100%        2    ###....


Dungeon Overview and Level Annotations

Branches:
Dungeon (9/15)             Temple (1/1) D:5
   Lair: D:8-11         Orc: D:9-12

Altars:
Ashenzari
Cheibriados
Dithmenos
Elyvilon
Fedhas
Gozag
Kikubaaqudgha
Makhleb
Nemelex Xobeh
Okawaru
Pakellas
Qazlal
Ru
Sif Muna
Trog
Vehumet
Xom
Yredelemnul
Zin
The Shining One

Shops:
D:7 :


Innate Abilities, Weirdness & Mutations

You reflexively headbutt those who attack you in melee.
You have a pair of horns on your head.


Message History

The bolt of electricity hits you!
An electric eel comes into view.
You sock the electric eel!
The electric eel is heavily wounded.
The electric eel shoots out a bolt of lightning at you!
The bolt of electricity hits you!
* * * LOW HITPOINT WARNING * * *
The bolt of electricity hits you!
* * * LOW HITPOINT WARNING * * *
The electric eel shoots out a bolt of lightning at you!
The bolt of electricity hits the electric eel.
The electric eel completely resists.
The bolt of electricity misses you.
The electric eel shoots out a bolt of lightning at you!
The bolt of electricity hits you!
* * * LOW HITPOINT WARNING * * *
The bolt of electricity hits you!
* * * LOW HITPOINT WARNING * * *
The electric eel shoots out a bolt of lightning at you!
The bolt of electricity hits you!
You die...

≈≈≈≈≈;≈ ≈≈≈≈≈≈≈ .#
≈≈≈≈≈≈≈ .#
≈≈≈≈≈≈≈### .#
$.≈≈≈≈≈≈;###.#
.....Y≈;≈≈≈#.#
.............######
...................
########@##..#####
#####..#..#
.......#..#
.......#..#
##......#
#......###.#
#....>...#.#
#..#######.#
.#####..#######.###


You could see an ice beast and 2 electric eels.

Vanquished Creatures
  Pikel (D:6)
  The ghost of OTRawrior the Digger, a novice GrEE of Vehumet (D:5)
  Prince Ribbit (D:6)
  Sigmund (D:2)
  A spriggan (D:7)
  A hungry ghost (D:7)
  Menkaure (D:6)
  An orc warrior (D:6)
  A sky beast (D:6)
  8 ice beasts
  2 ogres
  4 centaurs
  A big kobold (D:5)
  2 giant frogs
  A scorpion (D:6)
  A howler monkey (D:6)
  3 crimson imps
  4 hounds
  2 orc priests
  2 centaur skeletons
  2 giant frog skeletons
  Crazy Yiuf (D:2)
  2 centaur zombies (D:8)
  A jelly (D:7)
  3 orc wizards
  An iguana (D:4)
  6 worker ants
  A worker ant zombie (D:5)
  Robin (D:2)
  6 adders
  2 shadow imps
  An ooze (D:6)
  An adder zombie (D:6)
  A worm (D:2)
  5 dart slugs
  6 giant geckos
  8 orcs
  3 giant cockroaches
  13 goblins
  11 hobgoblins
  10 jackals
  24 kobolds
  3 quokkas
  3 ball pythons
  2 bats
  9 giant newts
  A jackal skeleton (D:5)
  5 rats
  4 plants (D:5)
175 creatures vanquished.

Vanquished Creatures (others)
  A plant (D:5)
1 creature vanquished.

Grand Total: 176 creatures vanquished

Notes
Turn   | Place    | Note
--------------------------------------------------------------
     0 | D:1      | Inkary the Minotaur Fighter began the quest for the Orb.
     0 | D:1      | Reached XP level 1. HP: 19/19 MP: 0/0
   140 | D:1      | Reached XP level 2. HP: 25/27 MP: 1/1
   397 | D:1      | Reached XP level 3. HP: 33/33 MP: 2/2
   710 | D:2      | Noticed Robin
   751 | D:2      | Killed Robin
   988 | D:2      | Found a basalt altar of Yredelemnul.
   988 | D:2      | Found a shattered altar of Ashenzari.
  1161 | D:2      | Found a shimmering altar of Xom.
  1383 | D:2      | Reached XP level 4. HP: 27/41 MP: 3/3
  1449 | D:2      | Noticed Sigmund
  1453 | D:2      | Killed Sigmund
  1453 | D:2      | Reached skill level 5 in Fighting
  1453 | D:2      | Reached skill level 5 in Shields
  1453 | D:2      | Reached XP level 5. HP: 23/48 MP: 4/4
  1575 | D:2      | Noticed Crazy Yiuf
  1583 | D:2      | Killed Crazy Yiuf
  1583 | D:2      | Reached XP level 6. HP: 44/56 MP: 5/5
  1786 | D:3      | Reached skill level 5 in Armour
  3271 | D:4      | Reached XP level 7. HP: 42/62 MP: 6/6
  3379 | D:5      | Entered Level 5 of the Dungeon
  3395 | D:5      | Reached skill level 5 in Axes
  3411 | D:5      | Noticed OTRawrior's ghost (novice GrEE)
  3435 | D:5      | Killed OTRawrior's ghost
  3804 | D:5      | Reached XP level 8. HP: 54/71 MP: 7/7
  4039 | D:5      | Found a staircase to the Ecumenical Temple.
  4066 | Temple   | Entered the Ecumenical Temple
  4298 | D:5      | Found a stormy altar of Qazlal.
  4355 | D:5      | Found a sparkling altar of Nemelex Xobeh.
  4822 | D:6      | Reached skill level 1 in Maces & Flails
  5238 | D:6      | Noticed Pikel
  5275 | D:6      | Killed Pikel
  5275 | D:6      | Reached XP level 9. HP: 53/82 MP: 8/8
  5669 | D:6      | Noticed Menkaure
  5673 | D:6      | Noticed Prince Ribbit
  5676 | D:6      | Killed Menkaure
  5711 | D:6      | Killed Prince Ribbit
  5879 | D:7      | Found a blossoming altar of Fedhas.
  5881 | D:7      | Found an ancient bone altar of Kikubaaqudgha.
  5956 | D:7      | Reached skill level 5 in Maces & Flails
  6008 | D:7      | Found a glowing golden altar of the Shining One.
  6014 | D:7      | Became a worshipper of the Shining One
  6206 | D:7      | Found a bloodstained altar of Trog.
  6379 | D:7      | Found Zifoduar's Book Boutique.
  6436 | D:7      | Found a glowing silver altar of Zin.
  6443 | D:7      | Found an iron altar of Okawaru.
  6443 | D:7      | Found a white marble altar of Elyvilon.
  6444 | D:7      | Found a shadowy altar of Dithmenos.
  6449 | D:7      | Learned a level 2 spell: Blink
  6450 | D:7      | Found a sacrificial altar of Ru.
  6451 | D:7      | Found a radiant altar of Vehumet.
  6452 | D:7      | Found a sparkling altar of Nemelex Xobeh.
  6597 | D:8      | Reached XP level 10. HP: 67/91 MP: 9/9
  6950 | D:9      | Killed from afar by an electric eel

Skill      XL: |  1  2  3  4  5  6  7  8  9 10 |
---------------+-------------------------------+-----
Shields        | 4 5 6 8 9 |  9.5
Fighting       | 4 5 6 8 9 |  9.7
Armour         | 4 5 6 8 9 |  9.4
Axes           | 3 4 5 6 |  6.5
Maces & Flails | 3 5 6 |  6.1

Action                   |  1- 3 |  4- 6 |  7- 9 | 10-12 || total
-------------------------+-------+-------+-------+-------++-------
Melee: War axe           |   123 |    77 |   158 |       ||   358
       Headbutt          |    17 |    15 |    86 |     8 ||   126
       Flail             |       |       |   172 |    22 ||   194
       Whip              |       |       |    51 |       ||    51
  Use: Potion            |       |     1 |       |       ||     1
  Eat: Chunk             |       |     8 |     8 |     1 ||    17
       Bread ration      |       |       |     2 |       ||     2
Armor: Scale mail        |    45 |    24 |   137 |     6 ||   212
Dodge: Dodged            |    23 |    21 |    90 |     5 ||   139
Block: Shield            |    71 |    34 |   191 |     9 ||   305
